 Dungeon Crawl Stone Soup version 0.14.2 (webtiles) character file.

424 Amnesiac the Ducker (level 6, -3/30 HPs)
             Began as a Spriggan Gladiator on Feb 11, 2018.
             Killed by nerve-wracking pain
             ... invoked by Grinder
              (5 damage)
             ... on Level 4 of the Dungeon.
             The game lasted 00:05:08 (3142 turns).

Amnesiac the Ducker (Spriggan Gladiator)            Turns: 3142, Time: 00:05:08

HP  -3/30        AC  7     Str 13      XL: 6   Next:  6%
MP  12/12        EV 22     Int  7      God:
Gold 142         SH  0     Dex 16      Spells:  0 memorised,  5 levels left

rFire  . . .     SeeInvis +     x - +2,+4 quarterstaff (chaos)
rCold  . . .     Clarity  .     b - +0 animal skin
rNeg   . . .     Conserve +     (shield restricted)
rPois  .         rCorr    .     c - +2 hat
rElec  .         rRot     .     w - +2 cloak
SustAb . .       Spirit   .     (gloves unavailable)
rMut   .         Warding  .     (boots unavailable)
Saprov . . .     Stasis   .     C - amulet of conservation {unknown}
MR     +....                    (no ring)
                                k - cursed -3 ring of intelligence

@: very quick, somewhat resistant to hostile enchantments, unstealthy
A: unfitting armour, see invisible, herbivore 3, speed 3, slow metabolism 2
a: no special abilities


You were on level 4 of the Dungeon.
You were not hungry.

You visited 1 branch of the dungeon, and saw 4 of its levels.

You collected 142 gold pieces.

Inventory:

Hand weapons
 q - a +0,+4 dagger of flaming
 x - a +2,+4 quarterstaff of chaos (weapon)
Missiles
 o - 11 darts of dispersal (quivered)
 p - 2 needles of confusion
 E - 29 poisoned needles
Armour
 b - a +0 animal skin (worn)
 c - a +2 hat (worn)
 w - a +2 cloak (worn)
Comestibles
 h - 3 apples
 n - 2 pears
 s - a choko
 A - 2 meat rations
 D - a bread ration
 K - 7 grapes
Scrolls
 a - a scroll of identify {!r}
 g - 5 scrolls of remove curse {!r}
 i - 4 scrolls of teleportation {!r}
 v - 2 scrolls of enchant armour {!r}
 y - a scroll of enchant weapon II {!r, unknown}
 z - a scroll of fog {!r, unknown}
 B - a scroll of fear {!r, unknown}
 F - a scroll of random uselessness {!r, unknown}
 G - a scroll of blinking {!r, unknown}
Jewellery
 k - a cursed -3 ring of intelligence (left hand)
 C - an amulet of conservation (around neck) {unknown}
 H - an uncursed ring of ice
Potions
 e - a potion of porridge {!q}
 f - 5 potions of curing {!q, unknown}
 j - a potion of brilliance {!q, unknown}
 l - 2 potions of agility {!q, unknown}
 m - a potion of paralysis {!q, unknown}
 r - a potion of confusion {!q}
 t - a potion of berserk rage {!q, unknown}
 u - a potion of haste {!q}
 I - a potion of poison {!q, unknown}
 J - a potion of mutation {!q, unknown}


   Skills:
 - Level 1.5 Fighting
 * Level 4.2 Staves
 - Level 2.1 Throwing
 + Level 7.0 Dodging


You had 5 spell levels left.
You didn't know any spells.

Dungeon Overview and Level Annotations

Branches:
Dungeon (4/15)
 Temple: D:4-7

Altars:
Cheibriados
Dithmenos
Kikubaaqudgha

Annotations:
D:4 Grinder


Innate Abilities, Weirdness & Mutations

You are tiny and cannot use many weapons and most armour.
You have supernaturally acute eyesight.
You are a herbivore.
You cover ground extremely quickly.
You need consume almost no food.


Message History

Found 7 grapes.
You barely miss the goblin. The goblin misses you.
You hit the goblin. You freeze the goblin.
You kill the goblin!
No target in view!
No target in view!
No target in view!
I - an orange potion {!q} No target in view!
Things that are here:
a club; a goblin corpse No target in view!
J - an emulsified green potion {!q} No target in view!
K - 7 grapes You see here a glowing hand axe.
Grinder comes into view.
Grinder shouts!
Grinder is nearby!
Grinder is nearby!
Grinder is nearby!
Grinder gestures at you.
You suddenly lose the ability to move!
An adder comes into view.
Grinder gestures at you.
You easily resist.
Grinder hits you.
You writhe in agony.
Grinder says, "DUCK!"
Grinder gestures at you.
You easily resist.
Grinder barely misses you. Grinder hits you.
You writhe in agony.
You can move again.
Unknown command.
Unknown command.
Unknown command.
You sock Grinder!
Grinder convulses!
Grinder is heavily wounded.
Grinder barely misses you.
You barely miss Grinder.
Grinder is heavily wounded.
Grinder gestures at you.
You easily resist.
You barely miss Grinder.
Grinder is heavily wounded.
Grinder hits you!
* * * LOW HITPOINT WARNING * * *
You writhe in agony.
* * * LOW HITPOINT WARNING * * *
Unknown command.
Throwing (i - inventory. (,) - cycle):
d - a throwing net (quivered)
Press: ? - help, Shift-Dir - straight line, f - Grinder
Aim: Grinder (heavily wounded)
You throw a throwing net. The throwing net hits Grinder.
Grinder is caught in the net!
Grinder is heavily wounded.
Grinder struggles to escape the net.
You hit Grinder.
Grinder's magic leaks into the air.
Grinder is heavily wounded.
Grinder struggles against the net.
Grinder says, "FISH!"
Grinder gestures at you. Pain shoots through your body!
You die...

... #...# ....
...## ....# #... #
#S. ..#.# #. #5#
#..#.# #.###@#
#..#.# .# #.....#
###..#.# . #.....#
#....#.# . #.....#
#....#.### #
#.###.#
####....#..%. # #.
#.####.......#.>..
###### .
#...).......).....
......# ..#
#.#............###
..#
#.#.#####......###


You could see Grinder (caught) and an adder.

Vanquished Creatures
  2 vampire bats (D:2)
  Crazy Yiuf (D:2)
  An orc wizard (D:4)
  A worker ant (D:3)
  Ijyb (D:3)
  3 adders
  An inept feature mimic (D:2)
  2 giant mites (D:4)
  A giant gecko (D:3)
  An orc (D:3)
  6 bats
  3 bat skeletons (D:2)
  3 bat zombies (D:2)
  3 giant cockroaches
  8 goblins
  6 hobgoblins
  2 quokkas
  2 ball pythons
  A giant newt (D:2)
  7 kobolds
  7 rats
62 creatures vanquished.

Notes
Turn   | Place    | Note
--------------------------------------------------------------
     0 | D:1      | Amnesiac, the Spriggan Gladiator, began the quest for the Orb.
     0 | D:1      | Reached XP level 1. HP: 10/10 MP: 2/2
   100 | D:1      | Found a snail-covered altar of Cheibriados.
   226 | D:1      | Reached skill level 5 in Dodging
   226 | D:1      | Reached XP level 2. HP: 14/14 MP: 4/4
   717 | D:2      | Found an ancient bone altar of Kikubaaqudgha.
   718 | D:2      | Noticed a vampire bat
   719 | D:2      | Noticed a vampire bat
   722 | D:2      | Killed a vampire bat
   722 | D:2      | Reached XP level 3. HP: 12/18 MP: 6/6
   744 | D:2      | Killed a vampire bat
   744 | D:2      | Reached skill level 6 in Dodging
   744 | D:2      | Reached XP level 4. HP: 12/22 MP: 8/8
  1608 | D:2      | Noticed Crazy Yiuf
  1633 | D:2      | Killed Crazy Yiuf
  1633 | D:2      | Reached XP level 5. HP: 13/25 MP: 10/10
  2339 | D:3      | Found a shadowy altar of Dithmenos.
  2433 | D:3      | Noticed Ijyb
  2447 | D:3      | Killed Ijyb
  2958 | D:4      | Reached XP level 6. HP: 22/30 MP: 12/12
  2961 | D:4      | Reached skill level 7 in Dodging
  3127 | D:4      | Noticed Grinder
  3131 | D:4      | Paralysed by Grinder for 6 turns
  3142 | D:4      | Killed from afar by Grinder

Action                   |  1- 3 |  4- 6 || total
-------------------------+-------+-------++-------
Melee: Quarterstaff      |    11 |    75 ||    86
       Whip              |    59 |    49 ||   108
Throw: Throwing net      |       |     4 ||     4
  Use: Scroll            |       |     5 ||     5
 Stab: Held in net/web   |       |     1 ||     1
